[Event "DSOL-KO 2022"]
[Site "Germany"]
[Date "2022.05.09"]
[Round "2"]
[White "Gley, Reinhard"]
[Black "Gauer, Manuel"]
[Result "1-0"]
[ECO "D02"]
[WhiteElo "1710"]
[BlackElo "2062"]
[Annotator "TA"]
[PlyCount "117"]
[EventDate "2022.01.31"]
[EventType "team-tourn"]
[EventCountry "GER"]
[SourceTitle "playchess.com"]
[Source "ChessBase"]
[SourceQuality "1"]
[WhiteTeam "SV Königsbrück I"]
[BlackTeam "SC Landskrone"]
[TimeControl "2700+15"]

1. Nf3 d5 2. d4 Nf6 3. g3 c6 4. Bg2 Bf5 5. O-O Nbd7 6. Nbd2 e6 7. Nh4 {D02: 1 d4 d5 2 Nf3 sidelines, including 2...Nf6 3 g3 and 2...Nf6 3 Bf4.} Bg6 (7... Bg4 $11 {might be stronger.}) 8. c4 (8. Nxg6 $14 hxg6 9. c3) 8... Be7 (8... Bh5 $11) 9. Nxg6 $14 {White is slightly better.} hxg6 10. e4 dxe4 11. Nxe4 Nxe4 12. Bxe4 Nf6 13. Bg2 Qa5 14. Be3 Rd8 {[#]} 15. a3 $146 ({Predecessor:} 15. Qb3 Rd7 16. h3 O-O 17. Rfd1 Rfd8 18. Rd3 c5 19. Rad1 cxd4 20. Rxd4 b6 21. Rxd7 Rxd7 {½-½ (28) Arbouche,M (2173)-Ouakhir,P (2172) Agadir 2016}) 15... Qh5 16. Qxh5 gxh5 17. h3 O-O 18. b4 Rd7 19. Rfb1 Rc8 20. a4 a6 21. a5 Kf8 22. Rb3 Ke8 23. Rab1 Bd8 24. Bf3 g6 25. Kg2 Ng8 26. g4 hxg4 ({Better is} 26... Nf6 $14) 27. hxg4 $16 Bf6 28. Rd1 (28. d5 $1 $16 ) 28... Rcd8 (28... Ne7 $1 $11) 29. b5 (29. d5 $1 $16 ) 29... cxb5 30. cxb5 Ne7 31. bxa6 bxa6 32. Bb7 Rd6 (32... Kf8 $1 $11) 33. Rc1 {White is more active.} (33. Bc1 $14) 33... Nd5 34. Kf3 Kf8 35. Rc6 Rxc6 36. Bxc6 Rd6 37. Rb8+ Rd8 (37... Kg7 $11 38. Ba8 Nxe3 39. fxe3 Rd8 40. Rxd8 Bxd8) 38. Rb7 (38. Bh6+ $14 Kg8 39. Rxd8+ Bxd8 40. Bd2) 38... Ne7 ({Black should try} 38... Nxe3 $11 39. fxe3 Rd6) 39. Bd7 (39. Rb6 $14) 39... g5 40. Ke4 Nd5 41. Bd2 Be7 42. Ra7 (42. Kf3 $11 {and White stays safe.}) 42... Bb4 $4 (42... Nf6+ $19 {and all is fine.} 43. Kd3 Nxd7) 43. Bxg5 $18 {White stays focused until the end.} f6 44. Bh6+ (44. Bxe6 Nc3+ 45. Kd3 fxg5 $11) (44. Bh4 $142 Nc3+ 45. Kd3) 44... Ke7 (44... Kf7 $18 45. f4 (45. Bc8+ Kg6 $14) 45... f5+ 46. Ke5 (46. gxf5 Nf6+ 47. Ke5 Ng4+ 48. Ke4 Nf6+ 49. Ke5 Ng4+ 50. Ke4 Nf6+ $11) 46... Ne3 47. Bxe6+ Kg6 48. Bxf5+ (48. gxf5+ Kxh6 49. Rxa6 Ng4+ 50. Ke4 Nf6+ 51. Ke5 Ng4+ 52. Ke4 Nf6+ 53. Ke5 Ng4+ $14) 48... Nxf5) 45. Bb5+ {A strong pair of Bishops.} (45. Ba4+ $142 Nc7 46. Rxc7+ Kd6 47. Bf4+ e5 48. Rc6+ Ke7 49. dxe5 Kf8 50. Rxf6+ Kg7 51. Rxa6) 45... Kd6 {[#]} 46. Rxa6+ (46. Bf8+ $142 $1 Rxf8 47. Rd7#) 46... Ke7 (46... Kc7 $18 47. Rc6+ Kd7) 47. Ra7+ Kd6 {[#]} 48. Bc4 (48. Bf8+ $142 $1 Rxf8 49. Rd7#) 48... Nc3+ 49. Kd3 e5 50. Ra6+ Ke7 51. Re6+ Kd7 52. dxe5 fxe5 53. Rxe5 Kd6 54. Bf4 Kc6+ 55. Kc2 Na4 (55... Rd4 $142 56. Kb3 Bd6) 56. Bb5+ Kb7 57. Bxa4 {Threatening mate with Rb5+.} Bd6 58. Rb5+ Ka6 59. Rb6+ {Weighted Error Value: White=0.65/Black=0.78} 1-0

[Event "DSOL-KO 2022"]
[Site "Germany"]
[Date "2022.05.12"]
[Round "2"]
[White "Prange, Dieter"]
[Black "Gil, Arthur"]
[Result "1-0"]
[ECO "C67"]
[WhiteElo "1710"]
[BlackElo "1606"]
[Annotator "NA RC COMBH"]
[PlyCount "45"]
[EventDate "2022.01.31"]
[EventType "team-tourn"]
[EventCountry "GER"]
[SourceTitle "playchess.com"]
[Source "ChessBase"]
[SourceQuality "1"]
[WhiteTeam "SU Ebersberg-Grafing"]
[BlackTeam "SV Bergwinkel I"]
[TimeControl "2700+15"]

1. e4 e5 2. Nf3 Nc6 3. Bb5 Nf6 4. O-O Nxe4 5. d4 Nd6 6. Ba4 e4 7. Ne5 Be7 8. Nc3 O-O 9. Re1 Nf5 10. Nxc6 dxc6 11. Rxe4 Be6 12. Bb3 Bxb3 13. axb3 Bf6 14. Be3 Nd6 15. Rg4 Re8 16. Qf3 Qe7 17. Ra5 b5 18. Ra6 h5 19. Rg3 Ne4 20. Nxe4 Qxe4 21. Qxf6 g6 22. Rxc6 Rac8 23. h4 1-0

[Event "DSOL-KO 2022"]
[Site "Germany"]
[Date "2022.05.09"]
[Round "2"]
[White "Stelter, Carsten"]
[Black "Grabowsky, Leon"]
[Result "0-1"]
[ECO "A06"]
[WhiteElo "1691"]
[BlackElo "2155"]
[Annotator "TA"]
[PlyCount "46"]
[EventDate "2022.01.31"]
[EventType "team-tourn"]
[EventCountry "GER"]
[SourceTitle "playchess.com"]
[Source "ChessBase"]
[SourceQuality "1"]
[WhiteTeam "SC Caissa Falkensee I"]
[BlackTeam "SC Wittstock I"]
[TimeControl "2700+15"]

1. b3 d5 2. e3 c5 3. Bb2 a6 4. Nf3 Nc6 5. d4 Bg4 (5... cxd4 $11 6. Nxd4 Bd7) 6. Be2 {A06: Réti Opening: 1 Nf3 d5.} (6. dxc5 $14 {should be considered.} e5 7. h3 Bxf3 8. Qxf3) 6... Nf6 $11 7. O-O e6 8. Nbd2 {The position is equal.} b5 {[#]} (8... cxd4 $11 {remains equal.} 9. Nxd4 Bxe2 10. Qxe2 Nxd4 11. Bxd4 Rc8) 9. Ne5 $146 (9. c4 $16) ({Predecessor:} 9. dxc5 Bxc5 10. a3 O-O 11. Nd4 Bxe2 12. Qxe2 Rc8 13. Nxc6 Rxc6 14. Nf3 Ne4 15. Rfd1 {0-1 (50) Vanecek,S (1976)-Fiala,J (1772) Ricany 2009}) 9... Nxe5 10. dxe5 Bxe2 11. Qxe2 Nd7 12. f4 c4 13. a4 Rc8 {[#] And now ...c3 would win.} 14. bxc4 bxc4 {...c3 is the strong threat.} 15. Nf3 Bc5 16. Bd4 O-O 17. Rfb1 h6 18. c3 Be7 19. Rb7 Rb8 20. Rab1 Rxb7 21. Rxb7 Qc8 22. Qb2 Re8 23. Ra7 Bc5 {Weighted Error Value: White=0.24 (precise) /Black=0.20 (precise)} 0-1

[Event "DSOL-KO 2022"]
[Site "Germany"]
[Date "2022.05.10"]
[Round "2"]
[White "Freitag, Gerrit Ferdinand"]
[Black "Schneble, Milan"]
[Result "0-1"]
[ECO "B07"]
[WhiteElo "1690"]
[BlackElo "1619"]
[Annotator "NA RC COMBH"]
[PlyCount "86"]
[EventDate "2022.01.31"]
[EventType "team-tourn"]
[EventCountry "GER"]
[SourceTitle "playchess.com"]
[Source "ChessBase"]
[SourceQuality "1"]
[WhiteTeam "SC Diogenes II"]
[BlackTeam "SF Birkenfeld II"]
[TimeControl "2700+15"]

1. e4 d6 2. d4 Nf6 3. Bd3 g6 4. c4 Bg7 5. Nf3 Bg4 6. Nc3 Nc6 7. Be3 e5 8. d5 Ne7 9. h3 Bxf3 10. Qxf3 Nd7 11. b4 f5 12. c5 f4 13. cxd6 fxe3 14. dxe7 exf2+ 15. Qxf2 Qxe7 16. a3 Rf8 17. Qe3 Qh4+ 18. g3 Bh6 19. gxh4 Bxe3 20. Nb5 Bf2+ 21. Ke2 Kd8 22. Rhf1 Bxh4 23. Rxf8+ Nxf8 24. Rf1 Be7 25. Rf7 Ke8 26. Rg7 Rc8 27. Nxa7 Ra8 28. Nb5 Kd7 29. Nxc7 Rxa3 30. Bb5+ Kd8 31. Ne6+ Nxe6 32. dxe6 Rxh3 33. Rg8+ Kc7 34. Bd7 h5 35. Rxg6 Bxb4 36. Rg7 Rh4 37. Ba4+ Kd8 38. Rd7+ Kc8 39. e7 Bxe7 40. Rxe7 Rxe4+ 41. Kf3 Rxa4 42. Rxe5 h4 43. Rh5 Kc7 0-1

[Event "DSOL-KO 2022"]
[Site "Germany"]
[Date "2022.05.10"]
[Round "2"]
[White "Decker, Nils"]
[Black "Seidenstuecker, Hans-Lennart"]
[Result "1-0"]
[ECO "B36"]
[WhiteElo "1681"]
[BlackElo "1783"]
[Annotator "NA RC COMBH"]
[PlyCount "71"]
[EventDate "2022.01.31"]
[EventType "team-tourn"]
[EventCountry "GER"]
[SourceTitle "playchess.com"]
[Source "ChessBase"]
[SourceQuality "1"]
[WhiteTeam "SC Zitadelle Spandau"]
[BlackTeam "SK Rinteln I"]
[TimeControl "2700+15"]

1. c4 c5 2. Nf3 Nc6 3. d4 cxd4 4. Nxd4 g6 5. e4 Nf6 6. Nc3 Nxd4 7. Qxd4 d6 8. f3 Bg7 9. Be3 O-O 10. Qd2 a5 11. Na4 Bd7 12. Nb6 Rb8 13. Qxa5 Bc6 14. Qd2 Nd7 15. Nxd7 Qxd7 16. Rd1 Qe6 17. Bb6 Ra8 18. b4 Ra3 19. Bd4 Rfa8 20. Bxg7 Kxg7 21. b5 Bd7 22. Qd4+ Kg8 23. Bd3 R8a4 24. Qd5 Rxa2 25. O-O Rb2 26. Ra1 Rxa1 27. Rxa1 Rd2 28. Qd4 f6 29. Qc3 Rxg2+ 30. Kxg2 Qh3+ 31. Kg1 Qxf3 32. Rf1 Qe3+ 33. Rf2 Bh3 34. Qd2 Qd4 35. Bf1 Bxf1 36. Qxd4 1-0

[Event "DSOL-KO 2022"]
[Site "Germany"]
[Date "2022.05.12"]
[Round "2"]
[White "Christensen, John Christopher"]
[Black "Knapp, Ulrich"]
[Result "1-0"]
[ECO "C41"]
[WhiteElo "1668"]
[BlackElo "1689"]
[Annotator "NA RC COMBH"]
[PlyCount "81"]
[EventDate "2022.01.31"]
[EventType "team-tourn"]
[EventCountry "GER"]
[SourceTitle "playchess.com"]
[Source "ChessBase"]
[SourceQuality "1"]
[WhiteTeam "Hamburger SK V"]
[BlackTeam "Vohwinkeler SC"]
[TimeControl "2700+15"]

1. e4 d6 2. d4 Nf6 3. Nc3 g6 4. f3 Bg7 5. Be3 O-O 6. Qd2 Nc6 7. O-O-O e5 8. Nge2 a6 9. g4 exd4 10. Nxd4 Nxd4 11. Bxd4 Be6 12. Kb1 b5 13. h4 h5 14. g5 Ne8 15. Bh3 Qd7 16. Bxg7 Nxg7 17. Nd5 Ne8 18. Nf4 Bxh3 19. Nxh3 Qe7 20. Nf4 c6 21. Qc3 Rc8 22. Rd2 Ng7 23. Rhd1 Rfd8 24. Qa3 Ne8 25. Qxa6 Qe5 26. Ne2 Qc5 27. Qa5 Rd7 28. Qc3 Qb6 29. e5 d5 30. Rxd5 Rxd5 31. Rxd5 b4 32. Qd4 c5 33. Qc4 Ng7 34. Nf4 Nf5 35. Rd7 Rf8 36. e6 Qc6 37. exf7+ Kh8 38. Qe6 Qxf3 39. Nxg6+ Kh7 40. Nxf8+ Kh8 41. Qf6+ 1-0

[Event "DSOL-KO 2022"]
[Site "Germany"]
[Date "2022.05.10"]
[Round "2"]
[White "Herrmany, Marius"]
[Black "Parindra, Jason"]
[Result "1-0"]
[ECO "C01"]
[WhiteElo "1667"]
[BlackElo "1633"]
[Annotator "NA RC COMBH"]
[PlyCount "41"]
[EventDate "2022.01.31"]
[EventType "team-tourn"]
[EventCountry "GER"]
[SourceTitle "playchess.com"]
[Source "ChessBase"]
[SourceQuality "1"]
[WhiteTeam "SF Birkenfeld II"]
[BlackTeam "SC Diogenes II"]
[TimeControl "2700+15"]

1. d4 d5 2. c4 e6 3. e4 dxe4 4. Nc3 Nf6 5. Bg5 Bb4 6. Nge2 h6 7. Qa4+ Nc6 8. Bxf6 Qxf6 9. d5 Bxc3+ 10. Nxc3 Bd7 11. dxc6 Bxc6 12. Qc2 Rd8 13. Rd1 O-O 14. Be2 e3 15. O-O Qg5 16. Ne4 exf2+ 17. Rxf2 Qe3 18. Ng3 f5 19. Rd3 Qg5 20. Bf3 Qf4 21. Bxc6 1-0

[Event "DSOL-KO 2022"]
[Site "Germany"]
[Date "2022.05.09"]
[Round "2"]
[White "Amedei, Hugo"]
[Black "Hentrop, Malte"]
[Result "1/2-1/2"]
[ECO "D45"]
[WhiteElo "1660"]
[BlackElo "1717"]
[Annotator "NA RC"]
[PlyCount "65"]
[EventDate "2022.01.31"]
[EventType "team-tourn"]
[EventCountry "GER"]
[SourceTitle "playchess.com"]
[Source "ChessBase"]
[SourceQuality "1"]
[WhiteTeam "ESV Rot-Weiß Göttingen III"]
[BlackTeam "Findorffer SF"]
[TimeControl "2700+15"]

1. d4 d5 2. c4 c6 3. e3 Nf6 4. Nc3 e6 5. Nf3 Be7 6. Bd2 O-O 7. Bd3 dxc4 8. Bxc4 b5 9. Bd3 a6 10. O-O c5 11. Ne4 Bb7 12. Nxf6+ Bxf6 13. Be2 cxd4 14. exd4 Bxd4 15. Nxd4 Qxd4 16. Be3 Qxd1 17. Rfxd1 Bd5 18. Rac1 Nd7 19. Rc7 Nf6 20. b3 Rfc8 21. Rdc1 Rxc7 22. Rxc7 Kf8 23. Bd3 Ne8 24. Rc3 h6 25. a4 bxa4 26. bxa4 Bb7 27. Rb3 Rd8 28. Be2 Bc8 29. Rb8 Ke7 30. Bc5+ Kd7 31. Ra8 Nc7 32. Rb8 Kc6 33. Be7 1/2-1/2

[Event "DSOL-KO 2022"]
[Site "Germany"]
[Date "2022.05.10"]
[Round "2"]
[White "Lehmann, Rainer"]
[Black "Krings, Thomas"]
[Result "1-0"]
[ECO "E99"]
[WhiteElo "1636"]
[BlackElo "1784"]
[Annotator "NA RC COMBH"]
[PlyCount "163"]
[EventDate "2022.01.31"]
[EventType "team-tourn"]
[EventCountry "GER"]
[SourceTitle "playchess.com"]
[Source "ChessBase"]
[SourceQuality "1"]
[WhiteTeam "Lok Raw Cottbus"]
[BlackTeam "SV Horrem"]
[TimeControl "2700+15"]

1. Nf3 Nf6 2. c4 g6 3. Nc3 Bg7 4. e4 d6 5. d4 O-O 6. Be2 e5 7. O-O Nc6 8. d5 Ne7 9. Ne1 Nd7 10. f3 f5 11. g4 Nf6 12. Be3 f4 13. Bf2 g5 14. Nd3 h5 15. h3 Kf7 16. c5 Rh8 17. Kg2 Rh6 18. cxd6 cxd6 19. Rh1 Bd7 20. Qb3 b6 21. Nxe5+ dxe5 22. d6+ Kg6 23. dxe7 Qxe7 24. Rad1 Rah8 25. Nd5 Nxd5 26. Qxd5 Be6 27. Qd6 Qf6 28. b3 Bf8 29. Qc6 Be7 30. Bc4 Bxc4 31. Qxc4 hxg4 32. hxg4 Rxh1 33. Rxh1 Rxh1 34. Qg8+ Kh6 35. Kxh1 Qd6 36. Kg2 a6 37. Qh8+ Kg6 38. Qe8+ Kf6 39. Qh8+ Kg6 40. a4 Bf6 41. Qc8 a5 42. Qg8+ Kh6 43. Qe8 Bd8 44. Qb5 Qc7 45. Qd5 Kg6 46. Qd3 Kf6 47. Kf1 Be7 48. Ke2 Bd8 49. Kd2 Be7 50. Kd1 Bc5 51. Qc4 Qd6+ 52. Ke2 Bxf2 53. Kxf2 Qd2+ 54. Qe2 Qd4+ 55. Kg2 Qc3 56. Qd1 Qb2+ 57. Kf1 Qh2 58. Qd6+ Kf7 59. Qc7+ Kf8 60. Qd6+ Kf7 61. Qd7+ Kg8 62. Qe6+ Kf8 63. Qf6+ Ke8 64. Qxe5+ Kd7 65. Qf5+ Kc7 66. Qf7+ Kc6 67. Qd5+ Kc7 68. e5 Qh1+ 69. Ke2 Qg2+ 70. Kd3 Qf1+ 71. Ke4 Qe2+ 72. Kf5 Qc2+ 73. Kxg5 Qh7 74. Qd6+ Kb7 75. e6 Qg7+ 76. Kxf4 Qf6+ 77. Kg3 Qa1 78. e7 Qg1+ 79. Kh4 Qf2+ 80. Kh5 Qe2 81. Qd7+ Ka6 82. Qb5+ 1-0

[Event "DSOL-KO 2022"]
[Site "Germany"]
[Date "2022.05.13"]
[Round "2"]
[White "Steffens, Olaf"]
[Black "Koellner, Ruben"]
[Result "0-1"]
[ECO "A00"]
[WhiteElo "1628"]
[BlackElo "1716"]
[Annotator "NA RC COMBH"]
[PlyCount "54"]
[EventDate "2022.01.31"]
[EventType "team-tourn"]
[EventCountry "GER"]
[SourceTitle "playchess.com"]
[Source "ChessBase"]
[SourceQuality "1"]
[WhiteTeam "SV Werder Bremen I"]
[BlackTeam "SF Deizisau I"]
[TimeControl "2700+15"]

1. b4 c6 2. e3 d5 3. Bb2 Qb6 4. a3 a5 5. b5 cxb5 6. Nc3 e6 7. Nxb5 Bd7 8. c4 Nf6 9. Nf3 Bxb5 10. cxb5 Nbd7 11. Be2 Bd6 12. O-O O-O 13. Nd4 Rfc8 14. f4 a4 15. Rf3 Bf8 16. Qe1 Qa5 17. Rh3 Be7 18. Rg3 g6 19. f5 Ne4 20. fxg6 fxg6 21. Bg4 Nf8 22. Nxe6 Rc2 23. Bd4 Re8 24. Nxf8 Bxf8 25. Bd7 Re7 26. Qd1 Qxd2 27. Qf3 Rc1+ 0-1

[Event "DSOL-KO 2022"]
[Site "Germany"]
[Date "2022.05.11"]
[Round "2"]
[White "Apitzsch"]
[Black "Poetsch, Matthias"]
[Result "0-1"]
[ECO "B02"]
[WhiteElo "1620"]
[BlackElo "1996"]
[Annotator "TA"]
[PlyCount "70"]
[EventDate "2022.01.31"]
[EventType "team-tourn"]
[EventCountry "GER"]
[SourceTitle "playchess.com"]
[Source "ChessBase"]
[SourceQuality "1"]
[TimeControl "2700+15"]

1. e4 d5 2. exd5 Nf6 3. Nf3 Nxd5 4. Nc3 Bg4 5. Be2 e6 6. O-O {B02: Alekhine's Defence: Chase Variation and lines with early Nc3.} Be7 7. h3 {[#]} Bf5 $146 ({Predecessor:} 7... Bh5 8. d3 O-O 9. Ne4 c5 10. Ne5 Bxe2 11. Qxe2 Nd7 12. Nf3 Qc7 13. Bd2 Rac8 {0-1 (40) Pinto,D (2199)-Hnydiuk,A (2407) Chess.com INT 2021}) 8. d4 {The position is equal.} O-O 9. Bd3 Nxc3 10. bxc3 Bxd3 11. Qxd3 c5 12. Be3 Qc7 13. Rab1 b6 14. c4 (14. dxc5 $11 {keeps the balance.} Nd7 15. cxb6 axb6 16. Rb2) 14... cxd4 $1 $17 {Black keeps a firm grip on the game.} 15. Nxd4 {[#]} Rc8 $1 16. Qe4 {[#]} (16. Rfd1 $17) 16... Nd7 $1 $19 17. Rfd1 Nf6 ({Worse is} 17... Qxc4 18. Qb7 Qc7 19. Qxc7 Rxc7 20. Nb5 $17) 18. Qf3 Qxc4 19. a4 (19. Rb3 $142) 19... Nd5 {Strongly threatening ...Nc3.} 20. Nf5 Bf8 ({Stronger than} 20... exf5 21. Qxd5 Qxc2 22. Qb7) ({Inferior is} 20... Qxa4 21. c4 exf5 22. cxd5 $17) 21. Ng3 (21. a5 {was called for.}) 21... Qxa4 22. Rd4 Qxc2 23. Rc1 Qb3 {...Rxc1+ is the strong threat.} 24. Rcd1 Rc4 {White must now prevent ...Rxd4.} 25. Rxc4 Qxc4 26. Rc1 Qb3 27. Ne4 Nxe3 28. fxe3 Rd8 29. Rc7 f5 30. Ng5 Rd1+ 31. Kh2 Bd6+ 32. g3 Rd2+ 33. Kg1 Qb1+ (33... Bxc7 $142 34. h4 Qb1+ 35. Qf1 Rd1 36. Qxd1 Qxd1+ 37. Kf2 Qd2+ 38. Kf3 Qe1 39. Kg2 Qe2+ 40. Kg1 Bxg3 41. Nh3 Qh2+ 42. Kf1 Bxh4 43. e4 fxe4 44. Ng1 Qf2#) 34. Qf1 Qxf1+ 35. Kxf1 Bxc7 {Weighted Error Value: White=0.94/Black=0.16 (very precise)} 0-1

[Event "DSOL-KO 2022"]
[Site "Germany"]
[Date "2022.05.13"]
[Round "2"]
[White "Körösi, Levi"]
[Black "Hoffmann, Tim"]
[Result "0-1"]
[ECO "B92"]
[WhiteElo "1620"]
[BlackElo "1684"]
[Annotator "NA RC COMBH"]
[PlyCount "60"]
[EventDate "2022.01.31"]
[EventType "team-tourn"]
[EventCountry "GER"]
[SourceTitle "playchess.com"]
[Source "ChessBase"]
[SourceQuality "1"]
[WhiteTeam "SG Turm Leipzig II"]
[BlackTeam "SF Greiz"]
[TimeControl "2700+15"]

1. e4 c5 2. Nf3 d6 3. d4 cxd4 4. Nxd4 Nf6 5. Nc3 a6 6. Be2 e5 7. Nf3 Be7 8. O-O O-O 9. Be3 b5 10. a3 Bb7 11. Bd3 Nbd7 12. Qd2 Ng4 13. Bg5 f6 14. Bh4 Nb6 15. h3 Nh6 16. b3 Rc8 17. a4 b4 18. Nd1 d5 19. exd5 Nxd5 20. Bc4 Kh8 21. Qe2 Nf4 22. Qe3 Bc5 23. Qe1 Bxf3 24. gxf3 Nxh3+ 25. Kh2 Nf4 26. Bxa6 Rc6 27. Bb5 Qd7 28. Ne3 Bxe3 29. fxe3 Qh3+ 30. Kg1 Qg2# 0-1

[Event "DSOL-KO 2022"]
[Site "Germany"]
[Date "2022.05.09"]
[Round "2"]
[White "Thomes, Alfons"]
[Black "Wolff, Manfred"]
[Result "1-0"]
[ECO "B15"]
[WhiteElo "1620"]
[BlackElo "1620"]
[Annotator "NA COMBH"]
[PlyCount "65"]
[EventDate "2022.01.31"]
[EventType "team-tourn"]
[EventCountry "GER"]
[SourceTitle "playchess.com"]
[Source "ChessBase"]
[SourceQuality "1"]
[WhiteTeam "ESV Rot-Weiß Göttingen III"]
[BlackTeam "Findorffer SF"]
[TimeControl "2700+15"]

1. e4 c6 2. d4 d5 3. Nc3 dxe4 4. Be3 Nf6 5. h3 Bf5 6. Bc4 e6 7. a3 Bd6 8. Nge2 O-O 9. Ng3 Bg6 10. Qd2 Re8 11. Bg5 Qc7 12. Qe3 Nbd7 13. Ngxe4 e5 14. d5 b6 15. dxc6 Qxc6 16. Bb5 Qc7 17. O-O-O Bc5 18. Nxc5 bxc5 19. Bxf6 gxf6 20. Rxd7 Qc8 21. Rhd1 Rf8 22. Nd5 Qb8 23. a4 Kg7 24. Qf3 f5 25. Qc3 a6 26. Bc4 Ra7 27. Nf4 Kh6 28. Rxa7 Qxa7 29. Qxe5 f6 30. Qe3 Re8 31. Ne6+ Kh5 32. Be2+ Kh4 33. Qg3# 1-0

[Event "DSOL-KO 2022"]
[Site "Germany"]
[Date "2022.05.11"]
[Round "2"]
[White "Tietz, Luka"]
[Black "Finder, Adrianos"]
[Result "1/2-1/2"]
[ECO "B07"]
[WhiteElo "1620"]
[BlackElo "1577"]
[Annotator "NA RC COMBH"]
[PlyCount "117"]
[EventDate "2022.01.31"]
[EventType "team-tourn"]
[EventCountry "GER"]
[SourceTitle "playchess.com"]
[Source "ChessBase"]
[SourceQuality "1"]
[TimeControl "2700+15"]

1. e4 d6 2. Bc4 Nf6 3. Nc3 c6 4. d4 Qa5 5. Bd2 Qc7 6. Nf3 Bg4 7. h3 Bxf3 8. Qxf3 e5 9. d5 Be7 10. dxc6 bxc6 11. Bg5 Nbd7 12. O-O O-O 13. Ne2 Rab8 14. Rab1 Nc5 15. b4 Ncxe4 16. Ng3 Nxg5 17. Qf5 Nd5 18. Bd3 Nxb4 19. Ne4 Nxd3 20. Rxb8 Qxb8 21. cxd3 Nxe4 22. dxe4 g6 23. Qg4 d5 24. Qe2 Qb4 25. Qe3 Bc5 26. a3 Qa5 27. Qg3 Re8 28. Qg4 Rd8 29. Qf3 Bxa3 30. Ra1 dxe4 31. Rxa3 exf3 32. Rxa5 Ra8 33. gxf3 f6 34. Ra6 Kf7 35. Rxc6 a5 36. Rc7+ Kg8 37. Rc6 f5 38. Rc5 a4 39. Rxe5 a3 40. Re1 h5 41. Ra1 a2 42. f4 Kh7 43. Kf1 Kh6 44. h4 Ra4 45. Ke2 g5 46. fxg5+ Kg6 47. Kf3 Rxh4 48. Rxa2 Kxg5 49. Ra8 Rf4+ 50. Kg3 h4+ 51. Kh3 Rf3+ 52. Kg2 Kg4 53. Rg8+ Kf4 54. Rh8 h3+ 55. Rxh3 Rxh3 56. Kxh3 Kf3 57. Kh4 f4 58. Kg5 Kxf2 59. Kxf4 1/2-1/2

[Event "DSOL-KO 2022"]
[Site "Germany"]
[Date "2022.05.12"]
[Round "2"]
[White "Zipeng, Julian Luo"]
[Black "Glaubitz, Tim"]
[Result "1-0"]
[ECO "C50"]
[WhiteElo "1620"]
[BlackElo "1653"]
[Annotator "NA RC COMBH"]
[PlyCount "27"]
[EventDate "2022.01.31"]
[EventType "team-tourn"]
[EventCountry "GER"]
[SourceTitle "playchess.com"]
[Source "ChessBase"]
[SourceQuality "1"]
[WhiteTeam "SC Bendorf"]
[BlackTeam "SC Bad Salzdetfurth III"]
[TimeControl "2700+15"]

1. e4 e5 2. Nf3 Nc6 3. Bc4 f6 4. Nc3 Bc5 5. O-O Nge7 6. a3 d5 7. Nxd5 Bg4 8. b4 Bb6 9. h3 Bxf3 10. Qxf3 Nd4 11. Qd1 O-O 12. Nxf6+ Kh8 13. Nxh7 Kxh7 14. Qh5# 1-0

[Event "DSOL-KO 2022"]
[Site "Germany"]
[Date "2022.05.10"]
[Round "2"]
[White "Jacoby, Florian"]
[Black "Sander, Johann"]
[Result "1/2-1/2"]
[ECO "B06"]
[WhiteElo "1618"]
[BlackElo "1514"]
[Annotator "NA RC COMBH"]
[PlyCount "29"]
[EventDate "2022.01.31"]
[EventType "team-tourn"]
[EventCountry "GER"]
[SourceTitle "playchess.com"]
[Source "ChessBase"]
[SourceQuality "1"]
[WhiteTeam "Brackweder SK I"]
[BlackTeam "Hamburger SK II"]
[TimeControl "2700+15"]

1. e4 g6 2. d4 Bg7 3. Nc3 d6 4. Nf3 Nd7 5. Be3 a6 6. Be2 e6 7. O-O Ne7 8. Qd2 O-O 9. Bh6 b5 10. Bxg7 Kxg7 11. a3 Bb7 12. Rad1 Rc8 13. Rfe1 h6 14. h3 Rh8 15. Nh2 1/2-1/2

[Event "DSOL-KO 2022"]
[Site "Germany"]
[Date "2022.05.12"]
[Round "2"]
[White "Kasperczyk, Thomas"]
[Black "Mörke, Niklas"]
[Result "0-1"]
[ECO "D00"]
[WhiteElo "1608"]
[BlackElo "1742"]
[Annotator "NA RC COMBH"]
[PlyCount "90"]
[EventDate "2022.01.31"]
[EventType "team-tourn"]
[EventCountry "GER"]
[SourceTitle "playchess.com"]
[Source "ChessBase"]
[SourceQuality "1"]
[WhiteTeam "SC Bendorf"]
[BlackTeam "SC Bad Salzdetfurth III"]
[TimeControl "2700+15"]

1. d4 e6 2. Bf4 Nf6 3. e3 d5 4. Nd2 Bd6 5. Bxd6 cxd6 6. Ngf3 O-O 7. Bd3 Nc6 8. c3 e5 9. e4 dxe4 10. Nxe4 Nxe4 11. Bxe4 d5 12. Bc2 e4 13. Ne5 Nxe5 14. dxe5 Be6 15. Qd4 Qg5 16. g3 f6 17. exf6 Rxf6 18. Qe3 Qh5 19. Bd1 Bg4 20. Bxg4 Qxg4 21. h3 Qe6 22. O-O-O b6 23. Rdf1 Rf3 24. Qe2 Raf8 25. h4 Qf6 26. Qb5 Rd3 27. f4 Qg6 28. Rhg1 Qg4 29. Qb3 Qe2 30. Qc2 Qe3+ 31. Kb1 Rd2 32. Qb3 Qd3+ 33. Kc1 e3 34. Re1 Re8 35. Qa4 Re4 36. Qb3 e2 37. f5 Qe3 38. Kb1 Qxg1 39. a4 Qxe1+ 40. Ka2 Qxg3 41. a5 e1=Q 42. axb6 axb6 43. Qxb6 Rxb2+ 44. Kxb2 Qgxc3+ 45. Ka2 Ra4# 0-1

[Event "DSOL-KO 2022"]
[Site "Germany"]
[Date "2022.05.12"]
[Round "2"]
[White "Drexler, Levi"]
[Black "Wimmer, Claus"]
[Result "1-0"]
[ECO "C50"]
[WhiteElo "1604"]
[BlackElo "1873"]
[Annotator "NA RC COMBH"]
[PlyCount "69"]
[EventDate "2022.01.31"]
[EventType "team-tourn"]
[EventCountry "GER"]
[SourceTitle "playchess.com"]
[Source "ChessBase"]
[SourceQuality "1"]
[WhiteTeam "SC Bad Salzdetfurth III"]
[BlackTeam "SC Bendorf"]
[TimeControl "2700+15"]

1. e4 e5 2. Nf3 Nc6 3. Bc4 Bc5 4. c3 d6 5. d3 h6 6. Be3 Bb6 7. Nbd2 f5 8. Bxb6 axb6 9. O-O f4 10. b4 Bg4 11. Qb3 Qd7 12. Bxg8 O-O-O 13. Bd5 g5 14. h3 Ne7 15. hxg4 Nxd5 16. Qxd5 Qxg4 17. Rfb1 h5 18. Kf1 h4 19. a4 h3 20. gxh3 Rxh3 21. Ke2 Qh5 22. a5 g4 {[#]} 23. Kd1 $1 gxf3 24. Kc2 Rh2 25. a6 bxa6 26. Rxa6 Kd7 27. Rg1 Rg2 {[#]} 28. Raa1 (28. Rh1 $142 $3 Qg6 29. Ra7) 28... Rdg8 29. Rh1 Qg6 30. Rhf1 (30. Nc4 $142 Ke7 31. Qb7) 30... Qg4 31. Qf7+ Kc6 32. b5+ Kb7 33. Qd5+ Kc8 34. Ra8+ Kd7 35. Qf7# 1-0